 Dungeon Crawl Stone Soup version 0.31-a0-596-g831eee08f1 (webtiles) character file.

Game seed: 5494653923996330017

7000 dialectric the Basher (level 10, -1/88 HPs)
             Began as a Minotaur Fighter on Aug 20, 2023.
             Was a High Priest of Okawaru.
             Succumbed to Erica's bolt of poison
             ... on level 10 of the Dungeon.
             The game lasted 00:11:10 (6938 turns).

dialectric the Basher (Minotaur Fighter)            Turns: 6938, Time: 00:11:11

Health: -1/88      AC: 17    Str: 22    XL:     10   Next: 82%
Magic:  9/9        EV: 22    Int:  5    God:    Okawaru [*****.]
Gold:   848        SH:  5    Dex: 17    Spells: 9/9 levels left

rFire   . . .        E - +3 morningstar (flame)
rCold   . . .        (no shield)
rNeg    . . .        w - +1 chain mail
rPois   .            (helmet restricted)
rElec   .            I - +0 cloak
rCorr   .            (no gloves)
SInv    .            K - +1 pair of boots of the Ward {Dex+4}
Will    .....        r - amulet of reflection Stlth
                     j - +5 ring of evasion
HPRegen 0.34/turn    b - +5 ring of evasion
MPRegen 0.11/turn

%: reflection, clarity
@: lethally poisoned (-1 -> -19), studying Armour
A: horns 2, retaliatory headbutt, clarity, sense surroundings 1
a: Renounce Religion, Heroism, Finesse, Duel


You were on level 10 of the Dungeon.
You worshipped Okawaru.
Okawaru was extremely pleased with you.
You visited 2 branches of the dungeon, and saw 11 of its levels.
You also visited: Ossuary and Bailey.

You collected 848 gold pieces.

Inventory:

Hand Weapons
 a - a +0 long sword of draining
 E - a +3 morningstar of flaming (weapon)
Missiles
 o - 6 poisoned darts
 s - 10 boomerangs (quivered)
Armour
 c - a +0 buckler
 w - a +1 chain mail (worn)
 I - a +0 cloak (worn)
 K - the +1 pair of boots of the Ward (worn) {Dex+4}
   (You acquired it in a bailey)

   Dex+4:     It affects your dexterity (+4).
Jewellery
 b - a +5 ring of evasion (right hand)
 h - a ring of protection from cold
 j - a +5 ring of evasion (left hand)
 r - an amulet of reflection (around neck)
 D - a ring of protection from fire
 G - a ring of magical power
 H - an amulet of magic regeneration
Wands
 y - a wand of roots (5)
 N - a wand of polymorph (15)
Scrolls
 i - 8 scrolls of identify
 k - 4 scrolls of teleportation
 n - 2 scrolls of blinking
 p - 6 scrolls of enchant armour
 t - 3 scrolls of enchant weapon
 u - a scroll of poison
 C - a scroll of brand weapon
Potions
 d - a potion of might
 e - 3 potions of curing
 f - 2 potions of heal wounds {unknown}
 g - 4 potions of attraction
 l - 2 potions of degeneration {unknown}
 q - 4 potions of mutation
 v - a potion of resistance {unknown}
 z - 4 potions of lignification {unknown}
 A - a potion of invisibility {unknown}
 B - a potion of haste
 F - a potion of ambrosia {unknown}
 O - a potion of enlightenment {unknown}


   Skills:
 + Level 7.6 Fighting
 - Level 8.3 Long Blades
 + Level 11.8 Maces & Flails
 + Level 0.3 Throwing
 * Level 11.5 Armour
 - Level 6.1 Dodging
 - Level 4.1 Shields
 + Level 0.5 Unarmed Combat
 + Level 0.1 Invocations
 + Level 1.1 Evocations


You had 9 spell levels left.
You didn't know any spells.
Your spell library contained the following spells:

 Spells                   Type           Power      Damage    Failure   Level
 Kiss of Death            Conj/Necr      0%         2d5       94%         1
 Sandblast                Erth           0%         2d4       94%         1
 Passwall                 Tmut/Erth      0%         N/A       98%         2
 Confusing Touch          Hex            0%         N/A       100%        3
 Stone Arrow              Conj/Erth      0%         3d7       100%        3
 Dispel Undead            Necr           0%         3d6       100%        4


Dungeon Overview and Level Annotations

Branches:
Dungeon (10/15)            Temple (1/1) D:5            Lair (0/5) D:8
Ossuary (visited)          Bailey (visited)
    Orc: D:9-12

Altars:
Ashenzari
Cheibriados
Dithmenos
Elyvilon
Fedhas
Hepliaklqana
Kikubaaqudgha
Nemelex Xobeh
Okawaru
Qazlal
Sif Muna
Trog
Uskayaw
Vehumet
Wu Jian
Xom
Yredelemnul
Zin
The Shining One

Annotations:
D:6 3 runed translucent doors, BroadwayShuffle's ghost, novice MfGl; CraigForest's ghost, novice TrFi; avis's ghost, amateur FeSh; bmack86's ghost, novice MiFi
D:9 3 runed translucent doors, RepHenryClay's ghost, journeyman DEHW


Innate Abilities, Weirdness & Mutations

You have a pair of horns on your head.
You reflexively headbutt those who attack you in melee.
You possess an exceptional clarity of mind.
You passively map a small area around you.


Message History

The titanic slime creature is heavily wounded.
The titanic slime creature hits you!!!!
Ouch! That really hurt!
* * * LOW HITPOINT WARNING * * *
You feel yourself speed up.
The titanic slime creature barely misses you.
You see here a +0 dagger.
You see here a bullfrog corpse.
Your extra speed is starting to run out.
There is a stone staircase leading down here.
You climb downwards.
Found a scale mail.
Found a stone staircase leading down.
There is a stone staircase leading up here.
Erica the Fiery-Tempered comes into view.
She is wielding a +1 scimitar of flaming.
Erica shouts!
You bludgeon Erica!! You burn Erica.
Erica is moderately wounded.
You hit Erica. You burn Erica. You headbutt Erica!
Erica is heavily wounded.
Erica points at you and mumbles some strange words.
The bolt of poison misses you.
You closely miss Erica.
Erica is heavily wounded.
You feel yourself slow down. You block Erica's attack.
You hit Erica. You burn Erica. Your punch misses Erica.
Erica is severely wounded.
You hit Erica. You burn Erica.
Erica is severely wounded.
Erica points at you and mumbles some strange words.
The bolt of poison hits you!!
You are poisoned.
* * * LOW HITPOINT WARNING * * *
You sock Erica! You burn Erica!
You kill Erica!
Okawaru is honoured by your kill. Okawaru grants you a weapon!
Something appears at your feet!
You see here a +3 morningstar of draining.
You die...

, , * # # #. *
..#.##########
*
.....>..#....,
*
......[...#***
,#...@.# * ***
#.#<#)# #
#.#.# * *
**,#.#.# * *
,#.#.# , ..#.#
* , .....,, *
, , * .##.# ,
,, ..*


There were no monsters in sight!

Vanquished Creatures
  Erica (D:10)
  A two-headed ogre (D:8)
  2 kobold demonologists (Bailey)
  A troll (D:7)
  Sigmund (D:6)
  4 yaks (D:9)
  A wyvern (D:7)
  2 steam dragons (D:7)
  Menkaure (D:6)
  2 water moccasins
  A black bear (D:7)
  4 ice beasts
  11 orc warriors
  2 centaurs
  2 ogres
  5 bullfrogs
  A gnoll sergeant (D:8)
  7 scorpions
  6 wights (D:7)
  10 killer bees (D:8)
  4 howler monkeys
  A centaur zombie (Ossuary)
  3 hounds
  4 orc priests
  An iguana (D:7)
  A jelly (D:6)
  A gnoll bouda (D:2)
  3 sleepcaps
  An orc wizard (D:7)
  3 mummies
  12 gnolls
  4 adders
  3 worms
  4 dart slugs
  29 orcs
  9 endoplasms
  A giant cockroach (D:4)
  3 gnoll zombies (Ossuary)
  17 goblins
  8 hobgoblins
  4 jackals (D:2)
  3 kobolds
  6 quokkas
  6 ball pythons
  12 bats
  2 frilled lizards
  4 goblin zombies (Ossuary)
  5 hobgoblin zombies (Ossuary)
  An orc zombie (Ossuary)
  6 rats
226 creatures vanquished.

Notes
Turn   | Place    | Note
-------+----------+-------------------------------------------
     0 | D:1      | dialectric the Minotaur Fighter began the quest for the
                  | Orb.
     0 | D:1      | Reached XP level 1. HP: 19/19 MP: 0/0
   147 | D:2      | Reached XP level 2. HP: 27/27 MP: 1/1
   264 | D:2      | Reached XP level 3. HP: 26/33 MP: 2/2
  1003 | D:3      | Reached XP level 4. HP: 40/40 MP: 3/3
  1168 | D:2      | Reached skill level 1 in Dodging
  1347 | D:3      | Reached XP level 5. HP: 28/46 MP: 4/4
  1656 | D:3      | Found a faded altar of an unknown god.
  1741 | D:4      | Found a hazy altar of Hepliaklqana.
  1786 | D:4      | Reached skill level 5 in Long Blades
  1977 | D:4      | Found an ornate altar of the Wu Jian Council.
  2026 | D:4      | Reached skill level 5 in Armour
  2104 | D:4      | Reached XP level 6. HP: 48/53 MP: 5/5
  2667 | D:4      | Found a snail-covered altar of Cheibriados.
  2818 | D:5      | Entered Level 5 of the Dungeon
  2838 | D:5      | Noticed a water moccasin
  2855 | D:5      | Killed a water moccasin
  3022 | D:5      | Noticed an ice beast
  3030 | D:5      | Killed an ice beast
  3031 | D:5      | Reached skill level 5 in Fighting
  3031 | D:5      | Reached XP level 7. HP: 57/61 MP: 6/6
  3049 | D:5      | Found a staircase to the Ecumenical Temple.
  3071 | Temple   | Entered the Ecumenical Temple
  3207 | Temple   | Became a worshipper of Warmaster Okawaru
  3260 | D:6      | Found a runed translucent gate.
  3267 | D:6      | Found a runed translucent gate.
  3269 | D:6      | Found a runed translucent gate.
  3270 | D:6      | Noticed bmack86's ghost (novice MiFi)
  3270 | D:6      | Noticed BroadwayShuffle's ghost (novice MfGl)
  3270 | D:6      | Noticed CraigForest's ghost (novice TrFi)
  3270 | D:6      | Noticed avis's ghost (amateur FeSh)
  3406 | D:6      | Noticed Menkaure
  3414 | D:6      | Killed Menkaure
  3605 | D:6      | Reached * piety under Okawaru
  3640 | D:6      | Reached XP level 8. HP: 68/68 MP: 7/7
  3715 | D:6      | Noticed Sigmund
  3732 | D:6      | Killed Sigmund
  3782 | D:6      | Found an ancient bone altar of Kikubaaqudgha.
  4080 | D:7      | Reached skill level 1 in Maces & Flails
  4166 | D:7      | Reached ** piety under Okawaru
  4218 | D:7      | Reached skill level 5 in Maces & Flails
  4218 | D:7      | Reached XP level 9. HP: 59/74 MP: 8/8
  4315 | D:7      | Reached skill level 5 in Dodging
  4437 | D:7      | Noticed a troll
  4448 | D:7      | Killed a troll
  4458 | D:7      | Reached *** piety under Okawaru
  4480 | D:7      | Gained mutation: You passively map a small area around you.
                  | [potion of mutation]
  4480 | D:7      | Gained mutation: You possess an exceptional clarity of
                  | mind. [potion of mutation]
  4531 | D:7      | Found a flagged portal.
  4556 | Bailey   | Entered a bailey
  4967 | Bailey   | Reached **** piety under Okawaru
  4968 | Bailey   | Reached skill level 1 in Evocations
  5027 | Bailey   | Reached XP level 10. HP: 80/86 MP: 9/9
  5073 | Bailey   | Acquired the +1 pair of boots of the Ward {Dex+4}
  5090 | Bailey   | Found an iron altar of Okawaru.
  5180 | Bailey   | Identified the +5 hand crossbow of Ash {speed, Stlth+}
  5522 | D:8      | Reached skill level 10 in Maces & Flails
  5605 | D:8      | Noticed a two-headed ogre
  5619 | D:8      | Killed a two-headed ogre
  5620 | D:8      | Reached skill level 10 in Armour
  5813 | D:8      | Found a staircase to the Lair.
  5867 | D:8      | Found a sand-covered staircase.
  5877 | Ossuary  | Entered an ossuary
  6668 | D:9      | Found a runed translucent gate.
  6669 | D:9      | Found a runed translucent gate.
  6669 | D:9      | Noticed RepHenryClay's ghost (journeyman DEHW)
  6670 | D:9      | Found a runed translucent gate.
  6715 | D:9      | Reached ***** piety under Okawaru
  6930 | D:10     | Entered Level 10 of the Dungeon
  6932 | D:10     | Noticed Erica
  6937 | D:10     | HP: 2/88 [Erica/bolt of poison (20)]
  6938 | D:10     | Killed Erica
  6938 | D:10     | Received a gift from Okawaru
  6938 | D:10     | Succumbed to Erica's bolt of poison

Illustrated notes

Levels and vault maps discovered:
D:1:      evilmike_arrival_hilbert_curve, layout_rooms
D:2:      layout_rooms, minmay_heptomino_l4
D:3:      layout_loops_ring, hellmonk_ecumenical_altar_prayer_group,
          chequers_serial_rivers_marsh
D:4:      layout_basic, pdpol_wu_jian_five_deadly_venoms,
          mainiacjoe_overflow_concentric_impassable, lemuel_tele_altar,
          minmay_fractal_squares_gapless_5
D:5:      layout_cave_pools, minmay_temple_entry_trees, ebering_ghost_sewer_d,
          serial_shops, nicolae_shop_crystal
D:6:      layout_cave_pools, old_standard_altar, gammafunk_ghost_cemetery,
          patterned_corridor, uniq_sigmund, uniq_menkaure
D:7:      minmay_the_grid_square_5x5_3x3
          [minmay_the_grid_square_5x5_fancy_junction,
          minmay_the_grid_square_5x5_hollow_slash,
          minmay_the_grid_square_5x5_misaligned,
          minmay_the_grid_square_5x5_inner_v,
          minmay_the_grid_square_5x5_megaprize_hollow,
          minmay_the_grid_square_5x5_corner,
          minmay_the_grid_square_5x5_inverted_slash,
          minmay_the_grid_square_5x5_dogpile,
          minmay_the_grid_square_5x5_three_small], layout_loops_ring,
          enter_bailey_5
D:8:      layout_cave_pods, lair_entry_dummy, gup_ossuary_entry_pyramid
D:9:      layout_long_grid, makhleb_altar_promises_db, marbit_many_paths,
          gammafunk_ghost_ooze
D:10:     layout_loops_ring, grunt_gozag_statues, uniq_erica
Temple:   bh_familiar_temple

Skill      XL: |  1  2  3  4  5  6  7  8  9 10 |
---------------+-------------------------------+-----
Shields        | 4 |  4.1
Long Blades    | 3 4 5 6 7 8 |  8.3
Fighting       | 4 5 6 7 |  7.6
Armour         | 4 5 6 7 8 11 | 11.5
Dodging        | 1 2 3 4 6 |  6.1
Maces & Flails | 5 9 11 | 11.8
Evocations     | 1 |  1.1
Throwing       | |  0.3
Unarmed Combat | |  0.5
Invocations    | |  0.1

Action                     |  1- 3 |  4- 6 |  7- 9 | 10-12 || total
---------------------------+-------+-------+-------+-------++-------
  Melee: Long sword        |    90 |   141 |    57 |       ||   288
         Headbutt          |    11 |    21 |    38 |    27 ||    97
         Punch             |     1 |       |     3 |     1 ||     5
         Morningstar       |       |       |   149 |   142 ||   291
         Unarmed           |       |       |       |     3 ||     3
  Throw: Boomerang         |       |       |     1 |       ||     1
 Invoke: Heroism           |       |       |     1 |     2 ||     3
  Evoke: Wand              |       |       |     1 |       ||     1
    Use: Scroll            |       |     3 |     3 |     7 ||    13
         Potion            |       |       |     2 |     3 ||     5
 Armour: Scale mail        |    33 |    35 |       |       ||    68
         Chain mail        |       |       |    54 |    38 ||    92
  Dodge: Dodged            |    82 |   135 |   147 |   109 ||   473
  Block: Other             |       |     5 |    51 |    38 ||    94
         Reflection        |       |       |     1 |     2 ||     3

Table legend: (Time is in decaauts)
 A = Elapsed time spent in this place.
 B = Non-inter-level travel time spent in this place.
 C = Inter-level travel time spent in this place.
 D = Time resting spent in this place.
 E = Time spent auto-exploring this place.
 F = Levels seen in this place.
 G = Mean time per level.
                   A        B        C        D        E       F      G
               +--------+--------+--------+--------+--------+-----+--------+
         Total |   6968 |   6850 |    118 |    386 |   4641 |  13 |  536.0 |
       Dungeon |   5973 |   5881 |     92 |    174 |   4266 |  10 |  597.3 |
        Temple |    162 |    136 |     26 |    100 |      0 |   1 |  162.0 |
       Ossuary |    175 |    175 |      0 |      0 |    106 |   1 |  175.0 |
        Bailey |    657 |    657 |      0 |    112 |    269 |   1 |  657.0 |
               +--------+--------+--------+--------+--------+-----+--------+

Top non-repeatable levels by time:
     D:4: 1092 daAuts
     D:8: 955 daAuts
     D:7: 817 daAuts
     D:6: 809 daAuts
     D:2: 702 daAuts
  Bailey: 657 daAuts
     D:3: 633 daAuts
     D:1: 431 daAuts
     D:5: 272 daAuts
     D:9: 253 daAuts
 Ossuary: 175 daAuts
  Temple: 162 daAuts
    D:10: 5 daAuts
